 Dungeon Crawl Stone Soup version 0.24.0-1-gfbc8707 (webtiles) character file.

Game seed: 8873519206296815845, levelgen mode: deterministic

18337 Angani the Covert (level 12, -2/71 HPs)
             Began as a Kobold Ice Elementalist on Nov 1, 2019.
             Was a High Priest of Vehumet.
             Killed from afar by a hellion (27 damage)
             ... with damnation
             ... in a Gauntlet.
             The game lasted 00:45:46 (20230 turns).

Angani the Covert (Kobold Ice Elementalist)        Turns: 20230, Time: 00:45:46

Health: -2/71      AC: 12    Str:  5    XL:     12   Next: 93%
Magic:  32/48      EV: 20    Int: 20    God:    Vehumet [*****.]
Gold:   959        SH:  0    Dex: 17    Spells: 16/28 levels left

rFire    . . .     SeeInvis .   y - staff of power
rCold    + . .     Gourm    .   (shield currently unavailable)
rNeg     . . .     Faith    .   R - +1 robe {rC+}
rPois    +         Spirit   .   p - +2 helmet
rElec    .         Reflect  .   U - +0 cloak {+Inv}
rCorr    .         Harm     .   o - +1 pair of gloves
MR       .....     NoTele   +   Y - +2 pair of boots
Stlth    ++++......             E - amulet of regeneration
HPRegen  0.61/turn              r - ring of poison resistance
MPRegen  0.31/turn              S - ring of magical power

@: hasted, very quick
A: small, carnivore
a: Renounce Religion, Evoke Invisibility


You were in a Gauntlet.
You worshipped Vehumet.
Vehumet was extremely pleased with you.
You were full.

You visited 2 branches of the dungeon, and saw 16 of its levels.
You also visited: Gauntlet.

You collected 959 gold pieces.

Inventory:

Hand Weapons
 h - a +2 dagger of venom
 Z - a +1 lajatang
Missiles
 B - 5 throwing nets (quivered)
Armour
 a - the +1 ring mail "Unkiypp" {rPois rF+ Dex-4 SInv, unknown}
   (You found it on level 3 of the Lair of Beasts)

   It affects your dexterity (-4).
   It protects you from fire.
   It protects you from poison.
   It lets you see invisible.
 o - a +1 pair of gloves (worn)
 p - a +2 helmet (worn)
 s - +0 ice dragon scales
 R - a +1 robe of cold resistance (worn)
 U - a +0 cloak of invisibility (worn)
 Y - a +2 pair of boots (worn)
Magical Staves
 y - an uncursed staff of power (weapon)
 P - an uncursed staff of wizardry
Jewellery
 r - a ring of poison resistance (left hand)
 D - the ring "Niahyrax" {rF- MR+ Str+6}
   (You found it on level 5 of the Dungeon)

   [ring of protection from magic]

   It affects your strength (+6).
   It makes you vulnerable to fire.
   It affects your resistance to hostile enchantments.
 E - an amulet of regeneration (around neck)
 H - a +2 ring of intelligence
 L - an uncursed ring of protection from fire
 M - an uncursed ring of ice
 S - a ring of magical power (right hand)
 X - an uncursed ring of fire
Wands
 g - a wand of polymorph (23)
 m - a wand of iceblast (29)
 n - a wand of enslavement (18)
 A - a wand of scattershot (3)
 I - a wand of digging (4)
 K - a wand of disintegration (29)
 Q - a wand of paralysis (15)
Scrolls
 i - a scroll of magic mapping
 j - 8 scrolls of remove curse
 k - 5 scrolls of fear
 u - 9 scrolls of teleportation
 w - a scroll of blinking
 J - a scroll of fog
 N - a scroll of immolation
 O - 3 scrolls of amnesia
 W - a scroll of holy word
Potions
 b - 2 potions of cancellation
 d - a potion of berserk rage
 e - 5 potions of heal wounds
 f - 2 potions of agility
 l - a potion of magic
 q - a potion of brilliance
 t - 3 potions of haste
 v - 2 potions of mutation {unknown}
 z - 4 potions of lignification {unknown}
 C - 3 potions of curing {unknown}
 F - 4 potions of flight {unknown}
 G - 2 potions of might
Miscellaneous
 x - a lamp of fire
 T - 3 sacks of spiders
Comestibles
 c - 23 rations


   Skills:
 + Level 6.5 Fighting
 + Level 7.6 Dodging
 + Level 9.1 Stealth
 - Level 8.6 Spellcasting
   Level 1.0 Conjurations
 - Level 7.8 Summonings
 - Level 6.1 Fire Magic
 - Level 8.8 Ice Magic
 - Level 6.1 Poison Magic
 + Level 7.2 Evocations


You had 16 spell levels left.
You knew the following spells:

 Your Spells              Type           Power        Failure   Level  Hunger
a - Freeze                Ice            ####         1%          1    None
b - Summon Ice Beast      Ice/Summ       #####...     2%          4    ###....
c - Ignite Poison         Fire/Tmut/Pois ###.....     1%          3    None
d - Olgreb's Toxic Radia  Pois           ####....     1%          4    ###....

Your spell library contained the following spells:

 Spells                   Type           Power        Failure   Level  Hunger
 Orb of Destruction       Conj           ##........   100%        7    #######
 Sting                    Conj/Pois      ###.         1%          1    None
 Summon Small Mammal      Summ           ####         1%          1    None
 Ensorcelled Hibernation  Hex/Ice        ####..       1%          2    None
 Throw Frost              Conj/Ice       ####..       1%          2    None
 Sandblast                Erth           #.....       2%          1    None
 Mephitic Cloud           Conj/Pois/Air  ###.....     2%          3    None
 Poisonous Vapours        Pois/Air       ###...       3%          2    None
 Ozocubu's Armour         Chrm/Ice       ####....     3%          3    None
 Throw Icicle             Conj/Ice       ####....     3%          4    ###....
 Dazzling Spray           Conj/Hex       ##....       5%          3    None
 Stone Arrow              Conj/Erth      ##....       5%          3    None
 Spider Form              Tmut/Pois      ###.......   7%          3    None
 Animate Skeleton         Necr           N/A          9%          1    None
 Apportation              Tloc           #.....       9%          1    None
 Beastly Appendage        Tmut           #.....       9%          1    None
 Confusing Touch          Hex            #.....       9%          1    None
 Corona                   Hex            #......      9%          1    None
 Passwall                 Tmut/Erth      #.......     12%         2    None
 Sticks to Snakes         Tmut           #.......     12%         2    None
 Ice Form                 Ice/Tmut       ####....     13%         4    ###....
 Fireball                 Conj/Fire      ###.......   13%         5    #####..
 Venom Bolt               Conj/Pois      ###.......   13%         5    #####..
 Confuse                  Hex            #.......     24%         3    None
 Tukima's Dance           Hex            #.......     24%         3    None
 Lee's Rapid Deconstruct  Erth           #.........   47%         5    #####..
 Bolt of Fire             Conj/Fire      ###.......   54%         6    ######.
 Petrify                  Tmut/Erth      #.......     63%         4    ###....
 Blade Hands              Tmut           #.........   92%         5    #####..
 Ring of Flames           Chrm/Fire      ###.......   100%        7    #######
 Ignition                 Fire           ####......   100%        8    #######


Dungeon Overview and Level Annotations

Branches:
Dungeon (12/15)            Temple (0/1) D:6            Lair (4/6) D:10
  Swamp (0/4) Lair:2       Spider (0/4) Lair:3          Orc (0/2) D:12
Gauntlet (1/1)

Altars:
Ashenzari
Cheibriados
Fedhas
Gozag
Makhleb
Nemelex Xobeh
Okawaru
Qazlal
Ru
Trog
Uskayaw
Vehumet
Xom

Shops:
D:9 (

Annotations:
D:4 Grinder
D:7 1 runed translucent door, exclusion: door, PimpSugar's ghost, novice DrWz
D:8 1 transporter, exclusion: downstairs, Joseph; Psyche
Lair:3 1 runed translucent door, exclusion: door, Gevorchiy's ghost, journeyman MiBe Gauntlet 13 transporters, 21 runed translucent doors, exclusions: lightning spire and orange crystal statue


Innate Abilities, Weirdness & Mutations

You are small and have problems with some larger weapons.
You are carnivorous and can eat meat at any time.


Message History

You swap places.
The hell hound barely misses your ice beast.
Your ice beast closely misses the hell hound.
The hellion gestures at you.
The sphere of damnation explodes!
The damnation engulfs you!! The damnation engulfs your ice beast!
The damnation engulfs your ice beast!! x2
Your ice beast misses the hellion.
What are your orders? t - Shout!
Orders for allies: a - Attack new target. r - Retreat! s - Stop attacking. g - Guard the area. f - Follow me.
Anything else - Cancel.
Gang up on whom?
Press: ? - help, Dir - move target cursor, f - hellion
Aim: a hellion Attack!
The hell hound bites your ice beast. The hellion gestures at you.
The sphere of damnation explodes!
The damnation engulfs you!!
You die...

#8# #8# #8# #8# #8# #8#
#########################
.......................≈###
........................#8#
###########.###########.###
#(.#.©.#[)#.#.."[©?...#.#
##P.#8#.P##.#..^......#.###
#.#P.#.P#.#.#^..^^.^..#.#8#
#..#P.P#..#.#...@.....#.###
##P.#P#.P##.#...YYY...#.#
#.#P.#.P#.#.#.^..h2...#.###
#..#P©P#..#.#...^....^#.#8#
#...#P#...#.#.........#.###
#....#....#.#.........#.#
#######################.###
.....©...........©#.....#8#
#####.#############....≈###


You could see a hellion, a hell hound and 3 friendly ice beasts.

Vanquished Creatures
  2 unseen horrors
  A wizard (Gauntlet)
  An ugly thing (D:11)
  5 elephants (Lair:3)
  A spiny frog (Lair:1)
  A komodo dragon (Lair:3)
  2 trolls
  3 hornets
  7 hippogriffs
  A spriggan (D:8)
  A wyvern (Lair:3)
  11 yaks
  2 basilisks
  A soldier ant (D:11)
  A water moccasin (Lair:1)
  2 porcupines (Lair:2)
  A sky beast (D:10)
  3 orc warriors
  A phantom (D:12)
  7 wolves
  8 centaurs
  4 crocodiles
  10 bullfrogs
  A big kobold (D:8)
  A gnoll sergeant (D:9)
  A water moccasin zombie (D:8)
  A wyvern skeleton (D:8)
  A scorpion (D:11)
  A killer bee (D:9)
  A wight (D:6)
  An electric eel (Lair:2)
  7 howler monkeys
  A hound (D:10)
  2 jellies (D:8)
  15 orc wizards
  4 orc priests
  A centaur skeleton (D:12)
  A bullfrog skeleton (D:7)
  10 worker ants
  A hound zombie (D:9)
  A hound skeleton (D:8)
  8 gnolls
  11 adders
  3 river rats (D:5)
  An ooze (D:3)
  An adder zombie (D:7)
  An adder skeleton (D:4)
  A worm (D:2)
  3 dart slugs
  8 leopard geckos
  26 orcs
  3 giant cockroaches
  8 goblins
  3 hobgoblins
  4 jackals (D:1)
  3 quokkas
  2 ball pythons
  9 bats
  9 frilled lizards
  8 kobolds
  6 rats
  A bush (D:2)
  A plant (D:2)
247 creatures vanquished.

Vanquished Creatures (collateral kills)
  Erica (D:8)
  Pikel (D:6)
  An elephant (Lair:3)
  A black mamba (Lair:1)
  A gargoyle (D:12)
  2 spiny frogs
  2 komodo dragons
  A troll (D:12)
  A bog body (Lair:2)
  A slime creature (D:11)
  Eustachio (D:6)
  A wyvern (D:10)
  A yak (D:10)
  A wraith (D:11)
  A hungry ghost (D:12)
  7 water moccasins
  4 porcupines
  An orc warrior (D:6)
  2 slaves (D:6)
  2 black bears (Lair:2)
  A sky beast (D:11)
  An eye of draining (D:12)
  An ice beast (D:12)
  A necrophage (D:9)
  3 phantoms
  3 crocodiles
  3 centaurs
  6 bullfrogs
  A scorpion (D:6)
  8 killer bees
  5 wights
  3 howler monkeys (D:9)
  3 crimson imps
  A bullfrog zombie (D:12)
  A quasit (D:5)
  3 centaur skeletons
  A centaur zombie (D:7)
  3 hounds
  5 jellies
  4 orc wizards
  A bullfrog skeleton (D:5)
  3 iguanas
  2 hound skeletons (D:6)
  A howler monkey skeleton (D:8)
  A worker ant zombie (D:8)
  9 gnolls
  An adder (D:8)
  A shadow imp (Gauntlet)
  17 oozes (D:11)
  2 adder skeletons
  An adder zombie (D:9)
  A leopard gecko (D:6)
  13 orcs
  4 kobolds (D:8)
  A quokka zombie (D:5)
148 creatures vanquished.

Vanquished Creatures (others)
  Fannar (Lair:3)
  2 slaves (D:6)
  An orc (D:6)
  13 fungi
  16 plants
33 creatures vanquished.

Grand Total: 428 creatures vanquished

Notes
Turn   | Place    | Note
-------+----------+-------------------------------------------
     0 | D:1      | Angani the Kobold Ice Elementalist began the quest for the
                  | Orb.
     0 | D:1      | Reached XP level 1. HP: 10/10 MP: 3/3
   133 | D:1      | Reached XP level 2. HP: 15/15 MP: 0/5
   919 | D:1      | Reached XP level 3. HP: 16/19 MP: 5/7
  2120 | D:2      | Reached XP level 4. HP: 16/24 MP: 8/8
  2216 | D:2      | Learned a level 4 spell: Summon Ice Beast
  2613 | D:2      | Found a bloodstained altar of Trog.
  2780 | D:2      | Found a burning altar of Makhleb.
  2780 | D:2      | Found an opulent altar of Gozag.
  2782 | D:2      | Found a radiant altar of Vehumet.
  2879 | D:2      | Found a stormy altar of Qazlal.
  3150 | D:2      | Found a sparkling altar of Nemelex Xobeh.
  3161 | D:2      | Became a worshipper of Vehumet
  3345 | D:2      | Reached skill level 1 in Summonings
  3345 | D:2      | Reached XP level 5. HP: 22/28 MP: 6/10
  4382 | D:4      | Reached XP level 6. HP: 25/32 MP: 8/12
  4830 | D:4      | Reached skill level 5 in Ice Magic
  4868 | D:4      | Reached * piety under Vehumet
  4868 | D:4      | Offered knowledge of Sandblast by Vehumet.
  4931 | D:4      | Reached XP level 7. HP: 33/36 MP: 10/13
  5173 | D:4      | Noticed Grinder
  5526 | D:5      | Entered Level 5 of the Dungeon
  6110 | D:5      | Reached skill level 5 in Spellcasting
  6164 | D:5      | Got a fine lead ring
  6186 | D:5      | Identified the ring "Niahyrax" {rF- MR+ Str+6} (You found
                  | it on level 5 of the Dungeon)
  6417 | D:5      | Found a hide-covered altar of Uskayaw.
  7125 | D:6      | Reached XP level 8. HP: 41/41 MP: 13/16
  7131 | D:6      | Found a staircase to the Ecumenical Temple.
  7426 | D:6      | Found a shattered altar of Ashenzari.
  7513 | D:6      | Noticed Eustachio
  7526 | D:6      | Killed Eustachio
  7825 | D:6      | Noticed Pikel
  7856 | D:6      | Killed Pikel
  7982 | D:6      | Reached skill level 5 in Summonings
  8885 | D:7      | Found a runed translucent door.
  8904 | D:7      | Reached XP level 9. HP: 44/45 MP: 18/18
  9000 | D:7      | Found a snail-covered altar of Cheibriados.
  9414 | D:7      | Noticed PimpSugar's ghost (novice DrWz)
  9603 | D:8      | Noticed a slime creature
  9703 | D:8      | Found a shimmering altar of Xom.
  9790 | D:8      | Reached ** piety under Vehumet
  9790 | D:8      | Offered knowledge of Flame Tongue by Vehumet.
  9916 | D:8      | Found a transporter.
  9919 | D:8      | Noticed a slime creature
  9919 | D:8      | Noticed a slime creature
  9920 | D:8      | Noticed a slime creature
 10057 | D:8      | Noticed Erica
 10066 | D:8      | Killed Erica
 10290 | D:8      | Noticed Joseph
 10325 | D:8      | Found an iron altar of Okawaru.
 10414 | D:8      | Offered knowledge of Conjure Flame by Vehumet.
 10686 | D:8      | Reached XP level 10. HP: 49/50 MP: 11/22
 10885 | D:8      | Noticed Psyche
 11184 | D:9      | Reached *** piety under Vehumet
 11289 | D:9      | Found Sayst's Antique Weapon Boutique.
 11534 | D:9      | Found a blossoming altar of Fedhas.
 11776 | D:9      | Offered knowledge of Ignite Poison by Vehumet.
 12289 | D:10     | Entered Level 10 of the Dungeon
 12313 | D:10     | Learned a level 3 spell: Ignite Poison
 12318 | D:10     | Learned a level 4 spell: Olgreb's Toxic Radiance
 12362 | D:10     | Killed an unseen horror
 12594 | D:10     | Found a staircase to the Lair.
 13697 | D:10     | Reached XP level 11. HP: 53/54 MP: 19/23
 13943 | D:11     | Reached **** piety under Vehumet
 13953 | D:11     | Offered knowledge of Fulminant Prism by Vehumet.
 14020 | D:11     | Reached skill level 5 in Fire Magic
 14020 | D:11     | Reached skill level 5 in Poison Magic
 14357 | D:11     | Reached skill level 3 in Stealth
 14357 | D:11     | Reached skill level 1 in Evocations
 14360 | D:11     | Reached skill level 1 in Fighting
 14437 | D:11     | Noticed a white ugly thing
 14450 | D:11     | Killed a white ugly thing
 14630 | D:11     | Killed an unseen horror
 14743 | D:11     | Reached skill level 4 in Stealth
 15703 | D:12     | Found a sacrificial altar of Ru.
 15925 | D:12     | Reached ***** piety under Vehumet
 15925 | D:12     | Offered knowledge of Orb of Destruction by Vehumet.
 15979 | D:12     | Reached skill level 5 in Stealth
 16242 | D:12     | Found a staircase to the Orcish Mines.
 16950 | Lair:1   | Entered Level 1 of the Lair of Beasts
 17143 | Lair:1   | Reached skill level 5 in Dodging
 17143 | Lair:1   | Reached skill level 6 in Stealth
 17143 | Lair:1   | Reached XP level 12. HP: 66/66 MP: 24/24
 18030 | Lair:2   | Reached skill level 5 in Evocations
 18222 | Lair:2   | Reached skill level 7 in Stealth
 18342 | Lair:2   | Found a staircase to the Swamp.
 18716 | Lair:2   | Reached skill level 5 in Fighting
 19057 | Lair:3   | Noticed Fannar
 19073 | Lair:3   | Killed Fannar
 19194 | Lair:3   | Found a hole to the Spider Nest.
 19275 | Lair:3   | Reached skill level 8 in Stealth
 19574 | Lair:3   | Got a slimy ring mail
 19623 | Lair:3   | Found a runed translucent door.
 19623 | Lair:3   | Found a shimmering altar of Xom.
 19623 | Lair:3   | Noticed a +1 lajatang of chaos
 19623 | Lair:3   | Noticed Gevorchiy's ghost (journeyman MiBe)
 19923 | Lair:4   | Found a gate leading to a gauntlet.
 19932 | Gauntlet | Entered a Gauntlet
 19932 | Gauntlet | Found a transporter.
 19933 | Gauntlet | Found a large runed translucent door.
 19934 | Gauntlet | Found a large runed translucent door.
 19935 | Gauntlet | Found a large runed translucent door.
 19935 | Gauntlet | Found a large runed translucent door.
 19935 | Gauntlet | Found a runed translucent door.
 19935 | Gauntlet | Found a runed translucent door.
 19936 | Gauntlet | Found a large runed translucent door.
 19937 | Gauntlet | Found a large runed translucent door.
 19938 | Gauntlet | Found a large runed translucent door.
 19938 | Gauntlet | Found a large runed translucent door.
 19938 | Gauntlet | Found a large runed translucent door.
 19938 | Gauntlet | Found a large runed translucent door.
 19938 | Gauntlet | Found a large runed translucent door.
 19938 | Gauntlet | Found a large runed translucent door.
 19939 | Gauntlet | Found a large runed translucent door.
 19939 | Gauntlet | Found a large runed translucent door.
 19939 | Gauntlet | Noticed a wizard
 19940 | Gauntlet | Found a large runed translucent door.
 19940 | Gauntlet | Found a transporter.
 19940 | Gauntlet | Found a large runed translucent door.
 19942 | Gauntlet | Found a transporter.
 19947 | Gauntlet | Found a runed translucent gate.
 19947 | Gauntlet | Found a runed translucent gate.
 19947 | Gauntlet | Found a runed translucent gate.
 19948 | Gauntlet | Noticed a tengu warrior
 19949 | Gauntlet | Found a transporter.
 19964 | Gauntlet | Found a transporter.
 19969 | Gauntlet | Found a transporter.
 19983 | Gauntlet | Noticed a death ooze
 19984 | Gauntlet | Found a transporter.
 20003 | Gauntlet | Found a transporter.
 20015 | Gauntlet | Found a transporter.
 20030 | Gauntlet | Found a transporter.
 20039 | Gauntlet | Found a transporter.
 20051 | Gauntlet | Found a transporter.
 20068 | Gauntlet | Found a transporter.
 20085 | Gauntlet | Found a transporter.
 20087 | Gauntlet | Found a transporter.
 20114 | Gauntlet | Found a transporter.
 20116 | Gauntlet | Found a transporter.
 20137 | Gauntlet | Found a transporter.
 20164 | Gauntlet | Killed a wizard
 20164 | Gauntlet | Reached skill level 9 in Stealth
 20230 | Gauntlet | Killed from afar by a hellion

Levels and vault maps discovered:
D:1:      lightli_arrival_statuegarden, layout_basic
D:2:      layout_basic, nicolae_overflow_hidden_temple, serial_forest,
          infiniplex_forest_clump_medium, infiniplex_forest_clump_diagonal,
          infiniplex_forest_lined_3_way, infiniplex_forest_zigzag_1,
          infiniplex_forest_clump_medium, infiniplex_forest_lined_3_way,
          infiniplex_forest_clump_curved, nicolae_qazlal_eye_of_the_storm
D:3:      layout_loops_cross
D:4:      layout_rooms, first_ration, uniq_grinder
D:5:      wad_woods_settlement, layout_basic, eat_drink_and_be_merry_uskayaw
D:6:      layout_loops_ring, overflow_temple_1_default,
          minmay_temple_entry_antechambers, uniq_pikel, uniq_eustachio
D:7:      layout_loops_ring, cheibriados_altar_1, ebering_ghost_reflecting_pool
D:8:      gammafunk_jiyva_shrine, layout_loops_cross, basic_altar, the_bakery,
          hangedman_abyss_or_decor_clamps, lemuel_altar_in_water, uniq_erica,
          uniq_joseph, uniq_psyche, uniq_prince_ribbit1
D:9:      layout_basic, lemuel_doored_altar, serial_shops,
          nicolae_shop_competitors_out_of_business, minivault_10
D:10:     layout_stronghold, david_lair_generic, kennysheep_cross_room,
          nicolae_wwwww, minmay_misc_feat_plants
D:11:     lemuel_slime, layout_loops_corners
D:12:     layout_stronghold, orc_0_dummy, nicolae_ru_awakened_eye
Lair:1:   layout_cave_pods
Lair:2:   layout_long_grid, skrybe_swamp_entry_bodies, st_stairs_10,
          grunt_megastairs_1, serial_bayou_shore_a
Lair:3:   layout_roguey, spider_nest_entry_webs, ebering_ghost_xom, uniq_fannar
Lair:4:   layout_regular_city, nicolae_volcano_entry_batcave,
          gauntlet_entry_generic
Gauntlet: gammafunk_gauntlet_one_two_three [gammafunk_gauntlet_arena_mazey,
          minmay_gauntlet_arena_make_your_own_arena,
          nicolae_gauntlet_arena_quarters, gammafunk_gauntlet_arena_hedges,
          nicolae_gauntlet_arena_t_cross, gammafunk_gauntlet_arena_crates,
          gammafunk_gauntlet_arena_spirals,
          gammafunk_gauntlet_arena_arrow_garden, gammafunk_gauntlet_arena_open,
          nicolae_gauntlet_exit_dead_adventurers]

Skill      XL: |  1  2  3  4  5  6  7  8  9 10 11 12 |
---------------+-------------------------------------+-----
Spellcasting   | 3 4 5 6 8 |  8.6
Ice Magic      | 4 5 6 8 |  8.8
Summonings     | 1 2 3 4 5 7 |  7.8
Fire Magic     | 4 6 |  6.1
Poison Magic   | 4 6 |  6.1
Stealth        | 6 9 |  9.1
Evocations     | 4 7 |  7.2
Fighting       | 3 6 |  6.5
Dodging        | 5 7 |  7.6
Conjurations   | |  1.0

Action                   |  1- 3 |  4- 6 |  7- 9 | 10-12 || total
-------------------------+-------+-------+-------+-------++-------
Melee: Dagger            |    45 |   135 |   160 |   193 ||   533
       Unarmed           |     1 |       |       |       ||     1
       Staff             |       |       |       |    12 ||    12
 Cast: Freeze            |    27 |    68 |   104 |    29 ||   228
       Summon Ice Beast  |       |       |    55 |   128 ||   183
       Olgreb's Toxic Ra |       |       |       |    74 ||    74
       Ignite Poison     |       |       |       |    74 ||    74
Evoke: Wand              |       |       |     6 |     2 ||     8
  Use: Potion            |       |     1 |       |     1 ||     2
       Scroll            |       |       |    16 |    15 ||    31
 Stab: Sleeping          |     5 |     1 |     5 |     3 ||    14
       Distracted        |       |       |     2 |     3 ||     5
  Eat: Chunk             |     9 |    12 |    23 |    42 ||    86
       Ration            |       |       |       |     1 ||     1
Armor: Robe              |    17 |    19 |    47 |    50 ||   133
Dodge: Dodged            |    49 |    97 |   188 |   207 ||   541
